 Dungeon Crawl Stone Soup version 0.31-a0-1074-g0b22e4e0f1 (webtiles) character file.

Game seed: 881821428077577840

80608 Smoke131 the Deadly Accurate (level 15, -5/167 HPs)
             Began as an Ogre Gladiator on Dec 6, 2023.
             Was a High Priest of Okawaru.
             Slain by a tentacled starspawn (28 damage)
             ... on level 3 of the Abyss.
             The game lasted 01:40:20 (35349 turns).

Smoke131 the Deadly Accurate (Ogre Gladiator)      Turns: 35349, Time: 01:40:21

Health: -5/167     AC: 11    Str: 28    XL:     15   Next: 67%
Magic:  22/22      EV: 10    Int:  9    God:    Okawaru [*****.]
Gold:   1439       SH:  0    Dex: 10    Spells: 14/14 levels left

rFire   . . .        P - +6 giant spiked club (spect)
rCold   . . .        (shield currently unavailable)
rNeg    . . .        O - +0 acid dragon scales
rPois   +            c - +1 hat
rElec   .            q - +1 cloak
rCorr   +            (gloves unavailable)
SInv    .            (boots unavailable)
Will    +....        (no amulet)
Stlth   +            r - +4 ring of protection
HPRegen 0.47/turn    s - ring of poison resistance
MPRegen 0.18/turn

%: random rage (3%)
@: no status effects
A: large, unfitting armour, tough skin 1, berserk 1, deformed body
a: Renounce Religion, Heroism, Finesse, Duel


You were on level 3 of the Abyss.
You worshipped Okawaru.
Okawaru was extremely pleased with you.
You visited 4 branches of the dungeon, and saw 22 of its levels.
You visited the Abyss 1 time.

You collected 3611 gold pieces.
You spent 2172 gold pieces at shops.

Inventory:

Hand Weapons
 E - a +1 dire flail of holy wrath
 M - a +0 giant spiked club
 P - a +6 spectral giant spiked club (weapon)
Missiles
 a - 8 boomerangs
 d - 4 throwing nets
 l - a dart of dispersal
 p - 5 atropa-tipped darts
 G - 4 large rocks (quivered)
 H - 9 silver javelins
 J - a poisoned dart
Armour
 c - a +1 hat (worn)
 q - a +1 cloak (worn)
 O - +0 acid dragon scales (worn)
Jewellery
 j - a +4 ring of protection
 k - a ring of resist corrosion
 r - a +4 ring of protection (left hand)
 s - a ring of poison resistance (right hand)
Wands
 g - a wand of flame (11)
 x - a wand of quicksilver (8)
 D - a wand of paralysis (5)
 F - a wand of iceblast (15)
Scrolls
 f - 2 scrolls of fear
 m - 8 scrolls of teleportation
 u - 3 scrolls of enchant armour
 v - 4 scrolls of revelation
 y - 2 scrolls of silence
 z - 2 scrolls of amnesia
 B - a scroll of blinking
 C - 2 scrolls of enchant weapon
 L - 3 scrolls of identify
 N - a scroll of poison
Potions
 b - 7 potions of curing
 h - 3 potions of brilliance
 i - a potion of ambrosia
 n - 2 potions of magic
 o - 5 potions of enlightenment
 t - 3 potions of lignification
 w - 2 potions of might
 K - 4 potions of resistance


   Skills:
 - Level 15.0 Fighting
 - Level 15.0 Maces & Flails
 + Level 17.2 Throwing
 - Level 3.0 Dodging
 - Level 10.0 Invocations


You had 14 spell levels left.
You didn't know any spells.
Your spell library contained the following spells:

 Spells                   Type           Power      Damage    Failure   Level
 Apportation              Tloc           0%         N/A       45%         1
 Necrotise                Necr           0%         1d4       45%         1
 Slow                     Hex            0%         N/A       45%         1
 Blink                    Tloc           0%         N/A       58%         2
 Lesser Beckoning         Tloc           0%         N/A       58%         2
 Momentum Strike          Conj/Tloc      0%         3d8       58%         2
 Confusing Touch          Hex            0%         N/A       83%         3
 Sigil of Binding         Hex            0%         N/A       83%         3
 Vampiric Draining        Necr           0%         2d6       83%         3
 Dimensional Bullseye     Hex/Tloc       0%         N/A       99%         4
 Leda's Liquefaction      Hex/Erth       0%         N/A       99%         4
 Summon Small Mammal      Summ           Unusable   N/A       N/A         1
 Call Canine Familiar     Summ           Unusable   N/A       N/A         3

Dungeon Overview and Level Annotations

Branches:
Dungeon (14/15)            Temple (1/1) D:4            Lair (5/5) D:8
  Swamp (0/4) Lair:3       Spider (0/4) Lair:2        Slime (0/5) Lair:4
    Orc (2/2) D:10            Elf (0/3) Orc:2        Vaults (0/5) D:13

Altars:
Ashenzari
Cheibriados
Dithmenos
Elyvilon
Fedhas
Gozag
Hepliaklqana
Kikubaaqudgha
Makhleb
Nemelex Xobeh
Okawaru
Qazlal
Ru
Sif Muna
Trog
Uskayaw
Vehumet
Wu Jian
Xom
Yredelemnul
Zin
The Shining One
Jiyva
Lugonu

Shops:
D:6 ?   D:7 =[!   Orc:2 ?[?*

Portals:
Abyss: Lair:5

Annotations:
D:13 2 runed translucent doors, kd29's ghost, journeyman TrSh
D:14 Louise


Innate Abilities, Weirdness & Mutations

You are too large for most types of armour.
You have tough skin. (AC +1)
You sometimes lose your temper in combat.
Armour fits poorly on your strangely shaped body.


Message History

The tentacled starspawn is heavily damaged.
The tentacled starspawn bites you but does no damage.
The tentacled starspawn tentacle-slaps you.
Throw: 8 large rocks
Press: ? - help, Q - select action, (/) - cycle Shift-Dir - straight line, f/p - tentacled starspawn
Aim: a tentacled starspawn (heavily damaged, 83% to hit)
You throw a large rock.
The large rock hits the tentacled starspawn!!
The tentacled starspawn is severely damaged.
Tentacles burst from the starspawn's body! 2 starspawn tentacles come into view.
Throw: 7 large rocks
Press: ? - help, Q - select action, (/) - cycle Shift-Dir - straight line, f/p - tentacled starspawn
Aim: a tentacled starspawn (severely damaged, 83% to hit)
You throw a large rock.
The large rock hits the tentacled starspawn!
The tentacled starspawn is almost destroyed.
The tentacled starspawn bites you but does no damage.
The tentacled starspawn tentacle-slaps you!
* * * LOW HITPOINT WARNING * * *
The starspawn tentacle barely misses you.
Throw: 6 large rocks
Press: ? - help, Q - select action, (/) - cycle Shift-Dir - straight line, f/p - tentacled starspawn
Aim: a tentacled starspawn (almost destroyed, 83% to hit)
You throw a large rock.
The large rock barely misses the tentacled starspawn.
The tentacled starspawn bites you!
* * * LOW HITPOINT WARNING * * *
The tentacled starspawn tentacle-slaps you!
* * * LOW HITPOINT WARNING * * *
The starspawn tentacle grabs you. The starspawn tentacle constricts you.
Throw: 5 large rocks
Press: ? - help, Q - select action, (/) - cycle Shift-Dir - straight line, f/p - tentacled starspawn
Aim: a tentacled starspawn (almost destroyed, 83% to hit)
You throw a large rock.
The large rock hits the tentacled starspawn but does no damage.
The starspawn tentacle loses its grip on you.
The tentacled starspawn is almost destroyed.
The tentacled starspawn bites you!!
You die...

# .#### .#.##
# # #..#. .
## .
#...#....#..#
#.# .......
.. ###.#.
...#....
#.(###(..###.
. ##..─.X#│##
. #.#X##..X.#
#.
#w@#......#
#.#.#..... .
...
##....#...
#.#..
...###.. ..
#.# ##. . . .
.. .# ...3 .
##


You could see a tentacled starspawn and a starspawn tentacle.

Vanquished Creatures
  Jorgrun (Orc:1)
  A tentacled starspawn (Abyss:3)
  Snorg (D:12)
  An ettin (Orc:2)
  A spriggan zombie (Abyss:3)
  A great orb of eyes (Abyss:3)
  5 hydras
  2 centaur warriors
  3 vault guards
  Erica (Lair:2)
  3 two-headed ogres
  2 boulder beetles
  2 catoblepae
  5 thrashing horrors
  6 death yaks
  Urug (D:10)
  Nergalle (Lair:1)
  An orc high priest (Orc:1)
  A wretched star (Abyss:3)
  2 skysharks
  2 spriggan druids
  An oklob plant (Lair:2)
  An ugly thing (Lair:5)
  10 orc sorcerers (Orc:2)
  2 cyclopes
  3 elephants (Lair:3)
  2 orange demons (Abyss:3)
  3 black mambas
  6 large abominations
  A gargoyle (D:11)
  4 smoke demons
  12 cane toads
  An unseen horror (D:13)
  13 komodo dragons
  Maggie (D:7)
  A kobold demonologist (D:11)
  2 rime drakes (Lair:2)
  A tengu conjurer (D:13)
  5 trolls
  5 polar bears
  4 raiju
  2 hornets
  6 dream sheep (Lair:5)
  22 blink frogs
  4 slime creatures (D:12)
  3 shadows
  46 yaks
  A ynoxinul (Lair:5)
  2 wraiths
  3 wyverns
  9 humans
  2 steam dragons
  2 redbacks (Lair:2)
  8 basilisks
  2 neqoxecs (Abyss:3)
  4 chaos spawn
  11 wargs
  Menkaure (D:4)
  8 vampire mosquitoes
  Edmund (D:4)
  2 acid dragons (D:13)
  20 water moccasins
  8 orc warriors
  4 ice beasts
  A sky beast (D:8)
  4 black bears
  4 ogres
  20 wolves
  A centaur (D:6)
  6 starcursed masses (Abyss:3)
  A kobold brigand (D:8)
  Blork the orc (D:4)
  5 scorpions
  19 bullfrogs
  7 small abominations (Lair:5)
  9 wights (D:7)
  4 killer bees (D:7)
  3 howler monkeys
  8 electric eels
  A quasit (Abyss:3)
  Crazy Yiuf (D:4)
  6 hounds
  2 jellies
  10 orc priests
  4 sleepcaps
  6 iguanas
  A hell rat (Lair:2)
  31 orc wizards
  15 adders
  A white imp (D:7)
  9 ufetubi
  2 worms (D:2)
  5 dart slugs
  80 orcs
  6 ball pythons
  6 bats
  6 endoplasms
  A giant cockroach (D:1)
  14 goblins
  4 hobgoblins
  5 quokkas
  A frilled lizard (D:3)
  7 kobolds
  8 rats
617 creatures vanquished.

Vanquished Creatures (others)
  An orc wizard (D:11)
  A lurking horror (Abyss:3)
  4 starspawn tentacles (Abyss:3)
6 creatures vanquished.

Grand Total: 623 creatures vanquished

Notes
Turn   | Place    | Note
-------+----------+-------------------------------------------
     0 | D:1      | Smoke131 the Ogre Gladiator began the quest for the Orb.
     0 | D:1      | Reached XP level 1. HP: 22/22 MP: 1/1
    91 | D:1      | Reached XP level 2. HP: 28/29 MP: 2/2
   255 | D:1      | Reached XP level 3. HP: 37/37 MP: 3/3
   265 | D:1      | Found a faded altar of an unknown god.
  1026 | D:2      | Reached XP level 4. HP: 44/48 MP: 4/4
  1471 | D:3      | Reached skill level 3 in Throwing
  1659 | D:2      | Reached XP level 5. HP: 52/54 MP: 5/5
  1880 | D:3      | Found a shimmering blue altar of Sif Muna.
  2292 | D:4      | Noticed Edmund
  2413 | D:4      | Killed Edmund
  2414 | D:4      | Reached skill level 5 in Fighting
  2414 | D:4      | Reached XP level 6. HP: 16/66 MP: 6/6
  2619 | D:4      | Found a staircase to the Ecumenical Temple.
  2632 | Temple   | Entered the Ecumenical Temple
  2655 | Temple   | Became a worshipper of Warmaster Okawaru
  2694 | D:4      | Reached skill level 4 in Throwing
  2824 | D:4      | Found a stormy altar of Qazlal.
  2863 | D:4      | Noticed Blork the orc
  2893 | D:4      | Killed Blork the orc
  3051 | D:4      | Found a runed translucent door.
  3052 | D:4      | Noticed Crazy Yiuf
  3057 | D:4      | Killed Crazy Yiuf
  3194 | D:4      | Noticed Menkaure
  3199 | D:4      | Killed Menkaure
  3200 | D:4      | Reached skill level 5 in Maces & Flails
  3200 | D:4      | Reached skill level 5 in Throwing
  3200 | D:4      | Reached XP level 7. HP: 72/72 MP: 7/7
  3288 | D:5      | Entered Level 5 of the Dungeon
  3321 | D:5      | Reached * piety under Okawaru
  3458 | D:5      | Reached skill level 1 in Invocations
  3756 | D:5      | Reached XP level 8. HP: 67/83 MP: 9/9
  4013 | D:5      | Reached ** piety under Okawaru
  4130 | D:5      | Found a sacrificial altar of Ru.
  4146 | D:5      | Reached skill level 6 in Throwing
  4677 | D:6      | Found Gadol's Magic Scroll Shoppe.
  4680 | D:6      | Bought a scroll of identify for 22 gold pieces
  4680 | D:6      | Bought a scroll of identify for 22 gold pieces
  4683 | D:6      | Bought a scroll of fear for 44 gold pieces
  4683 | D:6      | Bought a scroll of blinking for 82 gold pieces
  4683 | D:6      | Bought a scroll of teleportation for 33 gold pieces
  4683 | D:6      | Bought a scroll of amnesia for 44 gold pieces
  4836 | D:6      | Reached XP level 9. HP: 47/93 MP: 12/12
  4998 | D:6      | Found a glowing golden altar of the Shining One.
  5587 | D:7      | Reached *** piety under Okawaru
  5768 | D:7      | Reached skill level 5 in Invocations
  5816 | D:7      | Noticed Maggie
  5827 | D:7      | Killed Maggie
  5828 | D:7      | Reached skill level 7 in Throwing
  5862 | D:7      | Found a radiant altar of Vehumet.
  6198 | D:7      | Found a snail-covered altar of Cheibriados.
  6302 | D:7      | Noticed a two-headed ogre
  6663 | D:7      | Reached **** piety under Okawaru
  6784 | D:7      | Found Peifug's Jewellery Boutique.
  6853 | D:7      | Killed a two-headed ogre
  6854 | D:7      | Reached skill level 8 in Throwing
  6854 | D:7      | Reached XP level 10. HP: 65/107 MP: 11/14
  6854 | D:7      | Found a hide-covered altar of Uskayaw.
  6968 | D:7      | Found Loho's Armour Shoppe.
  6983 | D:7      | Found Isego's Distillery.
  7101 | D:8      | Identified the ring "Pinihe" {Wiz Will+ Dex+2}
  7309 | D:8      | Found a staircase to the Lair.
  7567 | D:8      | Reached skill level 10 in Fighting
  8031 | D:8      | Reached ***** piety under Okawaru
  8074 | D:8      | Reached skill level 9 in Throwing
  8588 | D:9      | Reached XP level 11. HP: 94/117 MP: 17/17
  9139 | D:9      | Received a gift from Okawaru
 10352 | D:10     | Entered Level 10 of the Dungeon
 10613 | D:10     | Noticed Urug
 10638 | D:10     | Killed Urug
 10878 | D:10     | Found a staircase to the Orcish Mines.
 11644 | D:10     | Reached skill level 10 in Throwing
 11893 | Lair:1   | Entered Level 1 of the Lair of Beasts
 12804 | Lair:1   | Reached skill level 10 in Invocations
 12831 | Lair:1   | Received a gift from Okawaru
 12874 | Lair:1   | Reached skill level 10 in Maces & Flails
 13439 | Lair:1   | Reached skill level 11 in Throwing
 13439 | Lair:1   | Reached XP level 12. HP: 72/126 MP: 19/19
 13978 | Lair:1   | Noticed Nergalle
 14006 | Lair:1   | HP: 3/111 [spectral orc knight/+2 heavy great
                  | mace[Nergalle] (8)]
 14464 | Lair:1   | Killed Nergalle
 14465 | Lair:1   | Reached skill level 12 in Throwing
 15021 | Lair:2   | Received a gift from Okawaru
 15667 | Lair:2   | Found a hole to the Spider Nest.
 15738 | Lair:2   | Noticed Erica
 15766 | Lair:2   | Killed Erica
 15767 | Lair:2   | Reached skill level 13 in Throwing
 17351 | Lair:2   | Noticed a boulder beetle
 17354 | Lair:2   | Noticed a skyshark
 17369 | Lair:2   | Killed a boulder beetle
 17369 | Lair:2   | Received a gift from Okawaru
 17370 | Lair:2   | Reached skill level 14 in Throwing
 17612 | Lair:2   | Killed a skyshark
 17634 | Lair:2   | Noticed a death yak
 17684 | Lair:1   | Killed a death yak
 18147 | Lair:2   | Reached XP level 13. HP: 82/133 MP: 20/20
 18330 | Lair:2   | Reached skill level 15 in Throwing
 18839 | Lair:2   | HP: 5/135 [spriggan druid/stone arrow (27)]
 19597 | Lair:3   | Received a gift from Okawaru
 19800 | Lair:3   | Found a staircase to the Swamp.
 21991 | Lair:4   | Received a gift from Okawaru
 22048 | Lair:4   | Found a staircase to the Slime Pits.
 22049 | Lair:4   | Found a viscous altar of Jiyva.
 22802 | Lair:5   | Entered Level 5 of the Lair of Beasts
 24292 | Lair:4   | Reached XP level 14. HP: 118/153 MP: 21/21
 24505 | Lair:4   | Received a gift from Okawaru
 26360 | Lair:5   | Reached skill level 15 in Fighting
 26695 | Lair:5   | Received a gift from Okawaru
 27171 | Lair:5   | Found a corrupted altar of Lugonu.
 27171 | Lair:5   | Found a one-way gate to the infinite horrors of the Abyss.
 27177 | Lair:5   | Identified the +3 ring mail of Birdsong {SInv}
 27189 | Lair:5   | Identified the +6 hand axe of Anger {freeze, rCorr Str+2
                  | Int+2}
 29578 | D:12     | Received a gift from Okawaru
 29690 | D:12     | Noticed Snorg
 29704 | D:12     | Killed Snorg
 30729 | D:13     | Noticed a lich
 30729 | D:13     | Noticed kd29's ghost (journeyman TrSh)
 30731 | D:13     | Noticed a shadow dragon
 30957 | D:12     | Reached XP level 15. HP: 128/167 MP: 14/22
 31170 | D:13     | Identified the +7 dagger of True Grit {venom, *Corrode rF+
                  | rN++}
 31172 | D:13     | Reached skill level 15 in Maces & Flails
 31708 | D:13     | Found a gate to the Vaults.
 32069 | D:13     | Found a runed translucent door.
 32070 | D:13     | Found a runed translucent door.
 32071 | D:13     | Noticed a storm dragon
 32118 | D:14     | Noticed Louise
 32278 | Orc:1    | Entered Level 1 of the Orcish Mines
 33003 | Orc:1    | Noticed Jorgrun
 33015 | Orc:1    | Killed Jorgrun
 33178 | Orc:2    | Entered Level 2 of the Orcish Mines
 33259 | Orc:2    | Paralysed by an orc sorcerer for 4 turns
 33268 | Orc:2    | Received a gift from Okawaru
 33565 | Orc:2    | Found Xapiamogg's General Store.
 33895 | Orc:2    | Reached skill level 16 in Throwing
 33989 | Orc:2    | Found Reejijok's Magic Scroll Boutique.
 34126 | Orc:2    | Found a staircase to the Elven Halls.
 34482 | Orc:2    | Paralysed by an orc sorcerer for 3 turns
 34507 | Orc:2    | Found Recitruu's Armour Emporium.
 34507 | Orc:2    | Found Vashrybru's Magic Scroll Boutique.
 34592 | Orc:2    | Bought a scroll of teleportation for 39 gold pieces
 34592 | Orc:2    | Bought a scroll of enchant weapon for 97 gold pieces
 34882 | Orc:2    | Bought a scroll of acquirement for 676 gold pieces
 34913 | Orc:2    | Bought a scroll of acquirement for 780 gold pieces
 34913 | Orc:2    | Bought a scroll of teleportation for 45 gold pieces
 34922 | Orc:2    | Bought a scroll of blinking for 120 gold pieces
 34922 | Orc:2    | Bought a scroll of enchant armour for 120 gold pieces
 34922 | Orc:2    | Bought a scroll of teleportation for 48 gold pieces
 34922 | Orc:2    | Acquired a +6 spectral giant spiked club
 34926 | Orc:2    | Acquired 967 gold pieces
 35052 | Abyss:3  | Cast into level 3 of the Abyss (Louise)
 35122 | Abyss:3  | Gained mutation: Armour fits poorly on your strangely
                  | shaped body. [a neqoxec]
 35135 | Abyss:3  | Gained mutation: You sometimes lose your temper in combat.
                  | [a neqoxec]
 35176 | Abyss:3  | Received a gift from Okawaru
 35288 | Abyss:3  | Noticed an ancient lich
 35296 | Abyss:3  | Reached skill level 17 in Throwing
 35329 | Abyss:3  | Noticed a tentacled starspawn
 35333 | Abyss:3  | Noticed a tentacled starspawn
 35337 | Abyss:3  | Killed a tentacled starspawn
 35349 | Abyss:3  | Slain by a tentacled starspawn

Illustrated notes

Levels and vault maps discovered:
D:1:      dpeg_arrival_radiant, layout_loops_ring,
          ebering_ecumenical_altar_webs, minmay_cupped
D:2:      layout_basic
D:3:      minmay_recursive_quarters, layout_loops_ring,
          mainiacjoe_overflow_six_doors_small
D:4:      layout_cave_pools, old_standard_altar, minmay_temple_entry_overgrown,
          uniq_edmund, uniq_blork_the_orc, uniq_menkaure,
          uniq_crazy_yiuf_cottage
D:5:      layout_basic, mainiacjoe_overflow_concentric_impassable
D:6:      layout_basic, nicolae_tso_swordbearing_angel, serial_shops,
          nicolae_shop_rolled_up, serial_glass, glass_columns_a,
          glass_columns_b, glass_columns_a, glass_columns_c, glass_columns_b,
          glass_columns_b, glass_columns_a, glass_columns_a
D:7:      layout_loops_corners, overflow_temple_1_default, cheibriados_altar_1,
          serial_shops, shop, nicolae_shop_crystal, shop, kennysheep_diamond,
          uniq_maggie
D:8:      layout_loops_ring, due_lair_maze_entry_diamond
D:9:      layout_layer_cave, serial_rivers, chequers_serial_rivers_micro_c,
          chequers_serial_rivers_micro_d, chequers_serial_rivers_small_3,
          chequers_serial_rivers_small_a, chequers_serial_rivers_micro_b,
          chequers_serial_rivers_room_b, nicolae_have_a_lightning_rod
D:10:     layout_basic, hiddenorc2_lemuel, uniq_urug
D:11:     layout_cave_pods, chequers_big_river
D:12:     layout_irregular_city, uniq_snorg
D:13:     layout_cave_pods, ximxim_vaults_locker_room,
          muffindrake_ghost_dual_entry
D:14:     layout_cave_pods, minmay_staircase_windowed_large, uniq_louise
Temple:   nicolae_temple_elliptical
Lair:1:   layout_cave_pods, serial_bayou_shore_b, grunt_megastairs_3,
          serial_bayou_shore_a, infiniplex_staircase_pool_2, uniq_nergalle
Lair:2:   nzn_winding_woodlands_medium [nzn_winding_woodlands_5x5_checkerboard,
          nzn_winding_woodlands_5x15_pool, nzn_winding_woodlands_5x5_cross,
          nzn_winding_woodlands_5x5_perimeter,
          nzn_winding_woodlands_center_diamonds,
          nzn_winding_woodlands_5x5_closed_star,
          nzn_winding_woodlands_hourglass, nzn_winding_woodlands_5x15_longhouse,
          nzn_winding_woodlands_5x5_three], layout_regular_city,
          spider_nest_entry_webs, uniq_erica
Lair:3:   layout_cave_pods, mainiacjoe_swamp_entry_angry_trees,
          serial_bayou_shore_b
Lair:4:   layout_hall_layers, slime_entry_1, chequers_serial_rivers_small_a,
          chequers_serial_rivers_large_b, chequers_serial_rivers_large_a,
          lemuel_fruit_fields
Lair:5:   hellmonk_lair_end_abyssal_woods, layout_cave_pods
Orc:1:    layout_caves, uniq_jorgrun
Orc:2:    st_orc_town, layout_diamond_mine
Abyss:3:  base: D:4, lemuel_flamethrower_hall, minivault_24

Skill      XL: |  1  2  3  4  5  6  7  8  9 10 11 12 13 14 15 |
---------------+----------------------------------------------+-----
Fighting       | 3 4 5 7 9 10 13 15 | 15.0
Dodging        | 3 |  3.0
Maces & Flails | 3 4 5 6 7 8 10 12 14 15 | 15.0
Throwing       | 3 5 6 8 9 11 14 15 17 | 17.2
Invocations    | 2 4 6 8 10 | 10.0

Action                     |  1- 3 |  4- 6 |  7- 9 | 10-12 | 13-15 || total
---------------------------+-------+-------+-------+-------+-------++-------
  Melee: Flail             |    79 |   122 |       |       |       ||   201
         Punch             |     1 |       |       |       |       ||     1
         Dire flail        |       |    37 |   365 |   980 |   970 ||  2352
         Giant spiked club |       |       |       |       |   434 ||   434
  Throw: Boomerang         |       |    12 |    23 |    23 |   161 ||   219
         Large rock        |       |     2 |     4 |     2 |    40 ||    48
         Dart              |       |       |       |    14 |     1 ||    15
         Javelin           |       |       |       |     4 |    14 ||    18
 Invoke: Heroism           |       |       |     1 |     2 |     5 ||     8
         Finesse           |       |       |       |     2 |     5 ||     7
  Evoke: Wand              |       |       |       |    18 |     5 ||    23
    Use: Scroll            |       |     7 |     5 |    14 |     7 ||    33
         Potion            |       |       |       |     8 |     5 ||    13
   Stab: Sleeping          |     3 |     1 |       |       |       ||     4
         Paralysed         |       |       |       |     6 |     2 ||     8
 Armour: Robe              |    52 |   128 |   296 |       |       ||   476
         Steam dragon scal |       |       |    87 |   809 |   974 ||  1870
         Acid dragon scale |       |       |       |       |   356 ||   356
  Dodge: Dodged            |    51 |   115 |   290 |   399 |   623 ||  1478

Table legend: (Time is in decaauts)
 A = Elapsed time spent in this place.
 B = Non-inter-level travel time spent in this place.
 C = Inter-level travel time spent in this place.
 D = Time resting spent in this place.
 E = Time spent auto-exploring this place.
 F = Levels seen in this place.
 G = Mean time per level.
                   A        B        C        D        E       F      G
               +--------+--------+--------+--------+--------+-----+--------+
         Total |  34883 |  33159 |   1724 |  10681 |  15279 |  23 | 1516.7 |
       Dungeon |  17447 |  16513 |    934 |   3393 |   9531 |  14 | 1246.2 |
        Temple |     46 |      2 |     44 |      0 |      0 |   1 |   46.0 |
          Lair |  14716 |  14237 |    479 |   6695 |   4821 |   5 | 2943.2 |
  Orcish Mines |   2368 |   2102 |    266 |    531 |    927 |   2 | 1184.0 |
         Abyss |    304 |    304 |      0 |     61 |      0 |   1 |  304.0 |
               +--------+--------+--------+--------+--------+-----+--------+

Top non-repeatable levels by time:
  Lair:2: 4182 daAuts
  Lair:4: 2949 daAuts
  Lair:1: 2797 daAuts
  Lair:3: 2446 daAuts
  Lair:5: 2340 daAuts
     D:8: 2029 daAuts
     D:9: 1948 daAuts
    D:10: 1872 daAuts
    D:12: 1835 daAuts
     D:7: 1812 daAuts
    D:11: 1420 daAuts
   Orc:2: 1351 daAuts
    D:13: 1188 daAuts
     D:4: 1097 daAuts
     D:6: 1025 daAuts
